 Dungeon Crawl Stone Soup version 0.19-a0-1895-g783e625 (webtiles) character file.

163 Disciple the Cutter (level 5, 0/39 HPs)
             Began as a Vampire Monk on Oct 18, 2016.
             Slain by an orc priest
             ... wielding a +0 flail
              (7 damage)
             ... on level 4 of the Dungeon.
             The game lasted 00:06:11 (3192 turns).

Disciple the Cutter (Vampire Monk)                  Turns: 3192, Time: 00:06:11

Health: 0/39       AC:  4    Str: 10    XL:     5   Next: 20%
Magic:  5/5        EV: 14    Int: 12    God:
Gold:   130        SH:  0    Dex: 18    Spells: 0 memorised, 4 levels left

rFire  . . .     SeeInvis +     a - +0 short sword
rCold  + + +     Gourm    .     w - +2 robe {MR+}
rNeg   + + +     Faith    .     (no shield)
rPois  ∞         Spirit   .     (no helmet)
rElec  .         Reflect  .     (no cloak)
rCorr  .         Harm     .     (no gloves)
MR     +....                    (no boots)
Stlth  ++++......               (no amulet)
                                (no ring)
                                y - ring of protection from cold

@: bloodless, non-regenerating
A: fangs 3, see invisible, unbreathing
a: Bat Form


You were on level 4 of the Dungeon.
You were bloodless.

You visited 1 branch of the dungeon, and saw 4 of its levels.

You collected 130 gold pieces.

Inventory:

Hand Weapons
 a - a +0 short sword (weapon)
 B - a +1 flail of protection
Missiles
 A - 14 poisoned needles
Armour
 b - a +0 robe
 w - a +2 robe of magic resistance (worn)
Jewellery
 y - a ring of protection from cold (left hand)
Wands
 x - a wand of random effects (33/48)
Scrolls
 f - a scroll of enchant weapon {unknown}
 j - 2 scrolls of amnesia {unknown}
 k - 2 scrolls of blinking {unknown}
 l - a scroll of immolation {unknown}
 o - a scroll of remove curse {unknown}
 p - a scroll of fear {unknown}
 u - 3 scrolls of identify {unknown}
 C - a scroll of enchant armour {unknown}
Potions
 c - 22 potions of blood
 e - 4 potions of heal wounds {unknown}
 h - a potion of invisibility {unknown}
 i - 2 potions of might {unknown}
 m - 2 potions of flight {unknown}
 n - a potion of cancellation {unknown}
 r - a potion of berserk rage {unknown}
 t - 2 potions of haste {unknown}
 v - 2 potions of curing {unknown}
 z - a potion of cure mutation {unknown}
Comestibles
 d - 3 fruits
 g - 3 bread rations
 q - 2 meat rations
 s - 2 beef jerkies


   Skills:
 - Level 2.6 Fighting
 + Level 6.5 Short Blades
 - Level 3.2 Dodging
 - Level 3.0 Stealth


You had 4 spell levels left.
You didn't know any spells.

Dungeon Overview and Level Annotations

Branches:
Dungeon (4/15)
 Temple: D:4-7

Altars:

Shops:
D:4 :


Innate Abilities, Weirdness & Mutations

You do not heal naturally.
You are immune to poison.
You have razor-sharp teeth.
You have supernaturally acute eyesight. (SInv)
You can survive without breathing.


Message History

You hit the orc.
You kill the orc!
The orc priest looks encouraged for a moment.
The orc priest hits you with a flail!
Things that are here:
a scale mail; an orc corpse You hit the orc priest.
The orc priest is lightly wounded.
You hit the orc priest but do no damage.
The orc priest is lightly wounded.
The orc hits you with a club. The orc priest hits you with a flail.
* * * LOW HITPOINT WARNING * * *
You hit the orc priest.
The orc priest is heavily wounded.
The orc hits you with a club.
* * * LOW HITPOINT WARNING * * *
You closely miss the orc priest.
The orc priest is heavily wounded.
The orc priest hits you with a flail!
You die...

##.# #..... ##..#
#......
##...####..o..o.
#.......'..o....
##...####.......
####..#####..o...
#.........#.∩....
####.###.###.#
#...#
#.....@oo.##.#
#+##
#.##.###..##.#
#)##......##.#
#.##..###.##.#
#.##..###.##.#
#.........##.#
####....<....#
##.######## #...


You could see an orc priest and an orc.

Vanquished Creatures
  An orc priest (D:3)
  Jessica (D:2)
  2 adders
  2 dart slugs (D:1)
  3 leopard geckos
  14 orcs
  2 giant cockroaches (D:1)
  9 goblins
  9 hobgoblins
  4 jackals (D:3)
  2 kobolds (D:1)
  A quokka (D:3)
  A ball python (D:2)
  7 bats
  6 frilled lizards
  5 rats
69 creatures vanquished.

Notes
Turn   | Place    | Note
-------+----------+-------------------------------------------
     0 | D:1      | Disciple the Vampire Monk began the quest for the Orb.
     0 | D:1      | Reached XP level 1. HP: 17/17 MP: 1/1
   218 | D:1      | Reached skill level 4 in Short Blades
   218 | D:1      | Reached XP level 2. HP: 23/23 MP: 2/2
  1072 | D:2      | Reached XP level 3. HP: 24/28 MP: 3/3
  1198 | D:2      | Noticed Jessica
  1204 | D:2      | Killed Jessica
  1204 | D:2      | Reached skill level 5 in Short Blades
  1538 | D:3      | Reached XP level 4. HP: 34/34 MP: 4/4
  2048 | D:3      | Reached skill level 6 in Short Blades
  2459 | D:3      | Reached XP level 5. HP: 18/39 MP: 5/5
  3136 | D:4      | Found Kauluit's Book Shoppe.
  3192 | D:4      | Slain by an orc priest

Vault maps used:
D:1:      scummos_arrival_simple_crosswalls
D:2:      minmay_misc_feat_enclosed, uniq_jessica
D:3:      fountainhead, minmay_goblin_outpost
D:4:      serial_shops, shop, first_bread

Skill      XL: |  1  2  3  4 |
---------------+-------------+-----
Short Blades   | 4 5 6 |  6.5
Fighting       | |  2.6
Dodging        | |  3.2
Stealth        | |  3.0

Action                   |  1- 3 |  4- 6 || total
-------------------------+-------+-------++-------
Melee: Short sword       |    99 |   174 ||   273
       Bite              |     9 |    20 ||    29
  Use: Potion            |       |     1 ||     1
 Stab: Sleeping          |    11 |     6 ||    17
Armor: Robe              |    16 |    25 ||    41
Dodge: Dodged            |    59 |   113 ||   172
